3A
MYRTLE BEACH SEAHAWKS @ NIAGARA FALLS EXPOS
08/10/2025
 
TOP OF THE 1ST
Myrtle Beach Seahawks batting - Pitching for Niagara Falls Expos : RHP Santiago López
Pitching: RHP Santiago López
Batting: RHB Peter Feng 0-0: Ground out 1-3 (Groundball, 15)
Batting: RHB Lance Pinales 0-0: Ball
1-0: Ball
2-0: Ball
3-0: Called Strike
3-1: Foul Ball, location: 2F
3-2: Foul Ball, location: 2F
3-2: Ground out 5-3 (Groundball, 56)
Batting: RHB Juan Báez 0-0: Ball
1-0: Called Strike
1-1: Called Strike
1-2: Foul Ball, location: 2F
1-2: Strikes out swinging
Top of the 1st over - 0 run(s), 0 hit(s), 0 error(s), 0 left on base; Myrtle Beach 0 - Niagara Falls 0
BOTTOM OF THE 1ST
Niagara Falls Expos batting - Pitching for Myrtle Beach Seahawks : RHP José Molina
Pitching: RHP José Molina
Batting: RHB Augusto Encarnación 0-0: Ball
1-0: Ball
2-0: Called Strike
2-1: Ball
3-1: Foul Ball, location: 2F
3-2: Ground out 4-3 (Groundball, 4)
Batting: RHB Zelmar Barajas 0-0: Ground out 4-3 (Groundball, 4)
Batting: RHB Wu-shiun Wang 0-0: Called Strike
0-1: Ground out 1-3 (Groundball, 15)
Bottom of the 1st over - 0 run(s), 0 hit(s), 0 error(s), 0 left on base; Myrtle Beach 0 - Niagara Falls 0
TOP OF THE 2ND
Myrtle Beach Seahawks batting - Pitching for Niagara Falls Expos : RHP Santiago López
Batting: RHB José Morín 0-0: Ball
1-0: Fly out, F6 (Popup, 56D)
Batting: RHB Alejandro Santiago 0-0: Called Strike
0-1: Ball
1-1: Swinging Strike
1-2: Ground out 6-3 (Groundball, 6)
Batting: RHB Randall Worthington 0-0: Called Strike
0-1: Foul Ball, location: 2F
0-2: Ball
1-2: Ball
2-2: Strikes out swinging
Top of the 2nd over - 0 run(s), 0 hit(s), 0 error(s), 0 left on base; Myrtle Beach 0 - Niagara Falls 0
BOTTOM OF THE 2ND
Niagara Falls Expos batting - Pitching for Myrtle Beach Seahawks : RHP José Molina
Batting: RHB Demeter Valverde 0-0: Ball
1-0: Swinging Strike
1-1: Ball
2-1: Foul Ball, location: 2F
2-2: Foul Ball, location: 2F
2-2: Ball
3-2: Ground out 5-3 (Groundball, 56)
Batting: SHB Alfredo Sánchez 0-0: Ball
1-0: Fly out, F1 (Popup, 13)
Batting: SHB Javier Vega 0-0: Ball
1-0: Fly out, F8 (Flyball, 89S)
Bottom of the 2nd over - 0 run(s), 0 hit(s), 0 error(s), 0 left on base; Myrtle Beach 0 - Niagara Falls 0
TOP OF THE 3RD
Myrtle Beach Seahawks batting - Pitching for Niagara Falls Expos : RHP Santiago López
Batting: RHB León Sánchez 0-0: Ball
1-0: Ball
2-0: Ground out 6-3 (Groundball, 6)
Batting: RHB Turner Buccigross 0-0: Ball
1-0: Called Strike
1-1: Bunt for hit - play at first, batter safe!
Batting: RHB Salvador Morales 0-0: Fly out, F6 (Popup, 6S)
Batting: RHB Peter Feng 0-0: Called Strike
0-1: Foul Ball, location: 2F
0-2: Ball
Turner Buccigross steals 2nd base
1-2: Strikes out looking
Top of the 3rd over - 0 run(s), 1 hit(s), 0 error(s), 1 left on base; Myrtle Beach 0 - Niagara Falls 0
BOTTOM OF THE 3RD
Niagara Falls Expos batting - Pitching for Myrtle Beach Seahawks : RHP José Molina
Batting: RHB Gene Lucero 0-0: Called Strike
0-1: Ball
1-1: Called Strike
1-2: SINGLE (Line Drive, 89S)
Batting: RHB Pedro Torres 0-0: Ball
1-0: Foul Ball, location: 2F
1-1: Ball
2-1: Foul Ball, location: 2F
2-2: Strikes out swinging
Batting: RHB Mario Germán 0-0: Called Strike
0-1: Foul Ball, location: 2F
0-2: Strikes out looking
Batting: RHB Augusto Encarnación 0-0: Foul Ball, location: 2F
0-1: Ball
1-1: Foul Ball, location: 2F
1-2: Ball
2-2: Fly out, F9 (Flyball, 9S)
Bottom of the 3rd over - 0 run(s), 1 hit(s), 0 error(s), 1 left on base; Myrtle Beach 0 - Niagara Falls 0
TOP OF THE 4TH
Myrtle Beach Seahawks batting - Pitching for Niagara Falls Expos : RHP Santiago López
Batting: RHB Lance Pinales 0-0: Called Strike
0-1: Ball
1-1: Foul Ball, location: 2F
1-2: Foul Ball, location: 2F
1-2: Ball
2-2: Ball
3-2: Ground out 6-3 (Groundball, 6)
Batting: RHB Juan Báez 0-0: Ground out 5-3 (Groundball, 56S)
Batting: RHB José Morín 0-0: Ball
1-0: Called Strike
1-1: Foul Ball, location: 2F
1-2: Strikes out swinging
Top of the 4th over - 0 run(s), 0 hit(s), 0 error(s), 0 left on base; Myrtle Beach 0 - Niagara Falls 0
BOTTOM OF THE 4TH
Niagara Falls Expos batting - Pitching for Myrtle Beach Seahawks : RHP José Molina
Batting: RHB Zelmar Barajas 0-0: Fly out, F2 (Popup, 34S)
Batting: RHB Wu-shiun Wang 0-0: Ball
1-0: Called Strike
1-1: Ball
2-1: Fly out, F9 (Flyball, 9S)
Batting: RHB Demeter Valverde 0-0: Called Strike
0-1: Fly out, F7 (Flyball, 7S)
Bottom of the 4th over - 0 run(s), 0 hit(s), 0 error(s), 0 left on base; Myrtle Beach 0 - Niagara Falls 0
TOP OF THE 5TH
Myrtle Beach Seahawks batting - Pitching for Niagara Falls Expos : RHP Santiago López
Batting: RHB Alejandro Santiago 0-0: Ball
1-0: Ball
2-0: Called Strike
2-1: Ball
3-1: Base on Balls
Batting: RHB Randall Worthington 0-0: Ball
1-0: Fielders Choice at 2nd, 6-4 (Groundball, 6)
Batting: RHB León Sánchez 0-0: Ball
1-0: Fly out, F9 (Flyball, 9)
Batting: RHB Turner Buccigross 0-0: Ball
1-0: Called Strike
1-1: Foul Ball, location: 2F
1-2: Ball
2-2: Ball
Randall Worthington is caught stealing 2nd base
Top of the 5th over - 0 run(s), 0 hit(s), 0 error(s), 0 left on base; Myrtle Beach 0 - Niagara Falls 0
BOTTOM OF THE 5TH
Niagara Falls Expos batting - Pitching for Myrtle Beach Seahawks : RHP José Molina
Batting: SHB Alfredo Sánchez 0-0: Ground out 4-3 (Groundball, 4)
Batting: SHB Javier Vega 0-0: Called Strike
0-1: Ball
1-1: SINGLE (Groundball, 4M) (infield hit)
Batting: RHB Gene Lucero 0-0: Called Strike
0-1: SINGLE (Groundball, 5D)
Javier Vega to second
Batting: RHB Pedro Torres 0-0: Ball
1-0: Ball
2-0: Swinging Strike
2-1: Ball
3-1: Called Strike
3-2: Foul Ball, location: 2F
3-2: Strikes out swinging
Batting: RHB Mario Germán 0-0: Swinging Strike
0-1: Called Strike
0-2: Foul Ball, location: 2F
0-2: Foul Ball, location: 2F
0-2: Foul Ball, location: 2F
0-2: Strikes out swinging
Bottom of the 5th over - 0 run(s), 2 hit(s), 0 error(s), 2 left on base; Myrtle Beach 0 - Niagara Falls 0
TOP OF THE 6TH
Myrtle Beach Seahawks batting - Pitching for Niagara Falls Expos : RHP Santiago López
Batting: RHB Turner Buccigross 0-0: Foul Ball, location: 2F
0-1: Ball
1-1: Foul Ball, location: 2F
1-2: Fly out, F6 (Line Drive, 6)
Batting: RHB Salvador Morales 0-0: Called Strike
0-1: Ball
1-1: Ball
2-1: Fly out, F5 (Line Drive, 56)
Batting: RHB Peter Feng 0-0: Called Strike
0-1: Swinging Strike
0-2: Ball
1-2: Strikes out swinging
Top of the 6th over - 0 run(s), 0 hit(s), 0 error(s), 0 left on base; Myrtle Beach 0 - Niagara Falls 0
BOTTOM OF THE 6TH
Niagara Falls Expos batting - Pitching for Myrtle Beach Seahawks : RHP José Molina
Batting: RHB Augusto Encarnación 0-0: Ball
1-0: Called Strike
1-1: Ball
2-1: Reached on error, E6 (Groundball, 6)
Batting: RHB Zelmar Barajas 0-0: Ball
1-0: Sac Bunt - play at first, batter OUT! 1-4
Augusto Encarnación to second
Batting: RHB Wu-shiun Wang 0-0: Intentional Walk
Batting: RHB Demeter Valverde 0-0: Foul Ball, location: 2F
0-1: Ball
1-1: Ground out 5-3 (Groundball, 5S)
Augusto Encarnación to third
Wu-shiun Wang to second
Batting: SHB Alfredo Sánchez 0-0: Fly out, F4 (Line Drive, 4D)
Bottom of the 6th over - 0 run(s), 0 hit(s), 1 error(s), 2 left on base; Myrtle Beach 0 - Niagara Falls 0
TOP OF THE 7TH
Myrtle Beach Seahawks batting - Pitching for Niagara Falls Expos : RHP Santiago López
Pinch Hitting: LHB Jim Unknown 0-0: Ball
1-0: Ball
2-0: Called Strike
2-1: Called Strike
2-2: Ground out 5-3 (Groundball, 56)
Batting: RHB Juan Báez 0-0: Ball
1-0: Foul Ball, location: 2F
1-1: Foul Ball, location: 2F
1-2: Ball
2-2: Foul Ball, location: 2F
2-2: SOLO HOME RUN (Flyball, 78XD), Distance : 433 ft
Batting: RHB José Morín 0-0: Ball
1-0: Ball
2-0: Called Strike
2-1: Foul Ball, location: 2F
2-2: Foul Ball, location: 2F
2-2: Fly out, F8 (Flyball, 8LD)
Batting: RHB Alejandro Santiago 0-0: Ball
1-0: Ball
2-0: Called Strike
2-1: Ground out 4-3 (Groundball, 4)
Top of the 7th over - 1 run(s), 1 hit(s), 0 error(s), 0 left on base; Myrtle Beach 1 - Niagara Falls 0
BOTTOM OF THE 7TH
Niagara Falls Expos batting - Pitching for Myrtle Beach Seahawks : RHP José Molina
Now in RF: Jim Unknown
Batting: SHB Javier Vega 0-0: Ground out 6-3 (Groundball, 6M)
Batting: RHB Gene Lucero 0-0: Swinging Strike
0-1: Swinging Strike
0-2: Strikes out swinging
Batting: RHB Pedro Torres 0-0: Ball
1-0: Swinging Strike
1-1: Foul Ball, location: 2F
1-2: Ground out 5-3 (Groundball, 56S)
Bottom of the 7th over - 0 run(s), 0 hit(s), 0 error(s), 0 left on base; Myrtle Beach 1 - Niagara Falls 0
TOP OF THE 8TH
Myrtle Beach Seahawks batting - Pitching for Niagara Falls Expos : RHP Santiago López
Pitching: RHP Ernie Carnathan
Batting: RHB Randall Worthington 0-0: Foul Ball, location: 2F
0-1: Swinging Strike
0-2: Ball
1-2: Strikes out swinging
Batting: RHB León Sánchez 0-0: Ball
1-0: Called Strike
1-1: Called Strike
1-2: Strikes out swinging
Batting: RHB Turner Buccigross 0-0: Called Strike
0-1: Fly out, F8 (Flyball, 8LD)
Top of the 8th over - 0 run(s), 0 hit(s), 0 error(s), 0 left on base; Myrtle Beach 1 - Niagara Falls 0
BOTTOM OF THE 8TH
Niagara Falls Expos batting - Pitching for Myrtle Beach Seahawks : RHP José Molina
Now at SS: Gabriel López
Batting: RHB Mario Germán 0-0: Called Strike
0-1: Ball
1-1: Called Strike
1-2: Strikes out swinging
Batting: RHB Augusto Encarnación 0-0: Called Strike
0-1: Ball
1-1: Fly out, F7 (Flyball, 7S)
Batting: RHB Zelmar Barajas 0-0: Called Strike
0-1: SINGLE (Flyball, 9S)
Batting: RHB Wu-shiun Wang 0-0: Ball
1-0: Ball
2-0: Called Strike
2-1: Called Strike
2-2: Strikes out swinging
Bottom of the 8th over - 0 run(s), 1 hit(s), 0 error(s), 1 left on base; Myrtle Beach 1 - Niagara Falls 0
TOP OF THE 9TH
Myrtle Beach Seahawks batting - Pitching for Niagara Falls Expos : RHP Ernie Carnathan
Pitching: LHP Cherles Gachineiro
Batting: RHB Salvador Morales 0-0: Called Strike
0-1: Called Strike
0-2: Foul Ball, location: 2F
0-2: Ground out 6-3 (Groundball, 6)
Batting: RHB Peter Feng 0-0: Called Strike
0-1: SINGLE (Groundball, 56D)
Pinch Hitting: RHB Gilbert Howard 0-0: SINGLE (Groundball, 6MD)
Peter Feng to second
Runner from 2nd tries for 3rd, SAFE, throw made to third
Batting: RHB Juan Báez 0-0: Called Strike
0-1: Ball
1-1: Swinging Strike
1-2: Strikes out swinging
Batting: RHB José Morín 0-0: Called Strike
0-1: Swinging Strike
0-2: Foul Ball, location: 2F
0-2: Strikes out swinging
Top of the 9th over - 0 run(s), 2 hit(s), 0 error(s), 2 left on base; Myrtle Beach 1 - Niagara Falls 0
BOTTOM OF THE 9TH
Niagara Falls Expos batting - Pitching for Myrtle Beach Seahawks : RHP José Molina
Pitching: RHP Jesús Martínez
Now at 3B: Lowell Mullins
Now in RF: Gilbert Howard
Pinch Hitting: SHB Enrico Mejía 0-0: Fly out, F6 (Line Drive, 56)
Batting: SHB Alfredo Sánchez 0-0: Foul Ball, location: 2F
0-1: Ground out 6-3 (Groundball, 6S)
Batting: SHB Javier Vega 0-0: Called Strike
0-1: Ball
1-1: Ball
2-1: SINGLE (Groundball, 56D)
Pinch Hitting: RHB Alejandro Garza 0-0: Called Strike
0-1: Ball
1-1: Ball
2-1: Ball
3-1: Called Strike
3-2: Foul Ball, location: 2F
3-2: Ground out 6-3 (Groundball, 6)
Bottom of the 9th over - 0 run(s), 1 hit(s), 0 error(s), 1 left on base; Myrtle Beach 1 - Niagara Falls 0
Friday, December 30th, 2016 - OOTP Baseball 17.12 Build 75